 Dungeon Crawl Stone Soup version 0.32-a0-468-g38b2580584 (webtiles) character file.

Game seed: 12268653201156728781

24043 Angani the Cardsharp (level 13, -1/101 HPs)
             Began as a Coglin Chaos Knight on Feb 25, 2024.
             Was a High Priest of Nemelex Xobeh.
             Succumbed to a wolf spider's poison
             ... on level 3 of the Lair of Beasts.
             The game lasted 00:33:22 (15969 turns).

Angani the Cardsharp (Coglin Chaos Knight)         Turns: 15969, Time: 00:33:23

Health: -1/101     AC:  9    Str: 13    XL:     13   Next: 10%
Magic:  22/26      EV: 13    Int: 16    God:    Nemelex Xobeh [*****.]
Gold:   827        SH:  0    Dex: 14    Spells: 26/30 levels left

rFire   + + .        c - +2 short sword (elec) {Caihong}
rCold   + . .        k - +0 dagger (venom) {Tlaloc}
rNeg    . . .        B - +3 leather armour {rF+}
rPois   .            g - +2 helmet
rElec   +            (no cloak)
rCorr   .            (no gloves)
SInv    .            (no boots)
Will    .....        d - amulet of guardian spirit
Stlth   +            (ring unavailable)
HPRegen 0.36/turn    (ring unavailable)
MPRegen 0.20/turn

%: guardian spirit
@: confused, lethally poisoned (-1 -> -38), ambrosia-drunk, revved
A: cold resistance 1, fire resistance 1, off-hand wielding, slow wielding,
warmup strikes, no rings, mutation resistance 1, screaming 1, electricity
resistance, persistent drain
a: Renounce Religion, Draw Escape, Draw Destruction, Draw Summoning, Triple
Draw, Deal Four, Stack Five


You were on level 3 of the Lair of Beasts.
You worshipped Nemelex Xobeh.
Nemelex Xobeh was extremely pleased with you.
You visited 2 branches of the dungeon, and saw 13 of its levels.
You also visited: Volcano.

You collected 942 gold pieces.
You spent 115 gold pieces at shops.

Inventory:

Hand Weapons
 c - a +2 short sword of electrocution (weapon) {Caihong}
 k - a +0 dagger of venom (offhand) {Tlaloc}
Missiles
 E - a throwing net
Armour
 g - a +2 helmet (worn)
 B - a +3 leather armour of fire resistance (worn)
Jewellery
 d - an amulet of guardian spirit (around neck)
 w - an amulet of reflection
Wands
 o - a wand of flame (27)
 y - a wand of paralysis (4)
Scrolls
 a - a scroll of enchant armour
 b - 2 scrolls of butterflies
 h - 4 scrolls of noise
 i - 2 scrolls of enchant weapon
 m - 6 scrolls of teleportation
 q - 3 scrolls of immolation
 s - 3 scrolls of revelation
 A - a scroll of poison
 F - a scroll of silence
Potions
 e - 2 potions of might
 f - a potion of cancellation
 j - 6 potions of ambrosia
 n - 2 potions of magic
 p - a potion of enlightenment
 t - a potion of mutation
 u - 4 potions of attraction
 v - a potion of lignification
 z - 2 potions of brilliance
 C - 2 potions of resistance


   Skills:
 + Level 9.4 Fighting
 - Level 5.3 Armour
 - Level 5.0 Dodging
 - Level 2.6 Unarmed Combat
 - Level 9.0 Spellcasting
 - Level 9.0 Translocations
 - Level 10.0 Invocations
 + Level 3.4 Evocations


You had 26 spell levels left.
You knew the following spells:

 Your Spells              Type           Power      Damage    Failure   Level
a - Manifold Assault      Tloc           36%        N/A       3%          4

Your spell library contained the following spells:

 Spells                   Type           Power      Damage    Failure   Level
 Fugue of the Fallen      Necr           7%         N/A       36%         3
 Ozocubu's Armour         Ice            7%         N/A       36%         3


Dungeon Overview and Level Annotations

Branches:
Dungeon (10/15)            Temple (0/1) D:5            Lair (3/5) D:9
  Swamp (0/4) Lair:2       Spider (0/4) Lair:2      Volcano (visited)
    Orc: D:9-12

Altars:
Gozag
Kikubaaqudgha
Nemelex Xobeh
Uskayaw
The Shining One

Shops:
D:2 *[=!(   D:7 :*

Annotations:
D:10 exclusion: door


Innate Abilities, Weirdness & Mutations

Your flesh is cold resistant. (rC+)
Your flesh is heat resistant. (rF+)
You can wield a second weapon in your off-hand.
It takes a long time for you to wield or remove held weapons.
Your first few attacks do less damage.
Your grasper-arms cannot wear rings.
You are somewhat resistant to further mutation.
You occasionally shout uncontrollably at your foes.
You are resistant to electric shocks. (rElec)
Your health recovers twice as slowly from being drained.


Message History

You completely miss the wolf spider with your +2 short sword of electrocution.
The wolf spider is moderately wounded.
You hit the wolf spider with your +0 dagger of venom.
The wolf spider looks as sick as possible!
The wolf spider barely misses you. The wolf spider bites you!
You are poisoned.
The wolf spider poisons you! The wolf spider misses you.
The wolf spider bites you.
You hit the wolf spider with your +2 short sword of electrocution.
The wolf spider is heavily wounded.
You hit the wolf spider but do no damage.
You feel extremely sick. The wolf spider hits you. The wolf spider bites you!
You are more poisoned.
The wolf spider poisons you!
You hit the wolf spider with your +2 short sword of electrocution.
The wolf spider is severely wounded.
You closely miss the wolf spider with your +0 dagger of venom.
You feel extremely sick. The wolf spider hits you. The wolf spider bites you!
The wolf spider hits you! The wolf spider bites you.
You are more poisoned.
The wolf spider poisons you!
Unknown command.
You barely miss the wolf spider with your +0 dagger of venom.
The wolf spider is almost dead.
You closely miss the wolf spider with your +2 short sword of electrocution.
* * * LOW HITPOINT WARNING * * *
You feel extremely sick.
You kill the wolf spider!
Your Evocations skill increases to level 3!
You are confused.
You feel invigorated.
* * * LOW HITPOINT WARNING * * *
You feel extremely sick.
Unknown command.
* * * LOW HITPOINT WARNING * * *
You feel extremely sick.
You die...
Your body glows with a rainbow of weird colours and disappears.

### ###.######
#........### # .
#.....#.#..##....
#........@.......
#................
#...†............
#...)†.#######./.
####†#.# .. #.###
# ###..# #...##
#...##


There were no monsters in sight!

Vanquished Creatures
  An eleionoma (Lair:2)
  A death yak (Lair:1)
  2 two-headed ogres
  A hell knight (Volcano)
  2 wolf spiders (Lair:3)
  A water nymph (shapeshifter) (Lair:2)
  A molten gargoyle (Volcano)
  2 cane toads
  A torpor snail (Lair:1)
  Maggie (D:6)
  2 komodo dragons (Lair:1)
  A culicivora (Lair:2)
  3 wyverns
  A shadow (D:9)
  Eustachio (D:6)
  23 yaks
  4 hogs
  3 basilisks
  3 fire bats (Volcano)
  A human (D:8)
  A steam dragon (D:6)
  6 water moccasins
  An orc warrior (D:5)
  3 black bears
  An ice beast (D:7)
  3 sky beasts
  An ogre (D:3)
  13 wolves
  4 centaurs
  2 phantoms
  6 scorpions
  5 bullfrogs
  3 gnoll sergeants
  4 wights (D:9)
  18 killer bees
  A howler monkey (D:7)
  4 lava snakes (Volcano)
  A quasit (D:4)
  5 hounds
  2 sleepcaps
  4 iguanas
  5 orc wizards
  16 gnolls
  7 adders
  2 shadow imps
  5 white imps
  2 ufetubi (D:5)
  3 dart slugs
  2 ribbon worms
  10 orcs
  A bat (D:2)
  4 endoplasms
  4 giant cockroaches
  8 goblins
  5 hobgoblins
  11 jackals
  7 kobolds
  3 quokkas
  10 ball pythons
  5 frilled lizards
  12 rats
265 creatures vanquished.

Vanquished Creatures (collateral kills)
  An ogre mage (Volcano)
  2 two-headed ogres (Volcano)
  A goliath frog (Lair:2)
  A black mamba (Lair:2)
  A molten gargoyle (Volcano)
  A queen bee (Lair:2)
  2 culicivoras (Lair:2)
  4 jumping spiders (Lair:2)
  4 yaks (D:9)
  A water moccasin (Lair:2)
  A centaur (D:8)
  A bullfrog (D:8)
  19 killer bees
  A quasit (D:4)
  A gnoll bouda (D:8)
  A sleepcap (D:8)
  4 gnolls (D:8)
  A shadow imp (D:4)
  2 white imps (D:4)
  3 jackals (D:4)
  A quokka (D:4)
53 creatures vanquished.

Grand Total: 318 creatures vanquished

Notes
Turn   | Place    | Note
-------+----------+-------------------------------------------
     0 | D:1      | Angani the Coglin Chaos Knight began the quest for the Orb.
     0 | D:1      | Reached XP level 1. HP: 18/18 MP: 1/1
    83 | D:1      | Reached XP level 2. HP: 22/24 MP: 2/2
   274 | D:1      | XOM: cloud trail
   389 | D:1      | Reached XP level 3. HP: 30/30 MP: 3/3
   704 | D:1      | XOM: god gift: 10 gold pieces
   724 | D:1      | XOM is BORED!
   724 | D:1      | XOM: noise
   822 | D:2      | Found Gaul's Assorted Antiques.
   831 | D:2      | Bought a dark potion for 20 gold pieces
   831 | D:2      | Bought a scroll labelled YTAYCL ZINWUTHRUN for 23 gold
                  | pieces
   831 | D:2      | Bought a bubbling yellow potion for 20 gold pieces
   903 | D:2      | XOM: 4-stop teleportation journey
   927 | D:2      | Found a faded altar of an unknown god.
   935 | D:2      | Prayed at the altar of an unknown god.
   935 | D:2      | Fell from the grace of Xom
   935 | D:2      | Became a worshipper of Nemelex Xobeh the Trickster
   935 | D:2      | Reached * piety under Nemelex Xobeh
   937 | D:2      | Found Deecs's Jewellery Boutique.
   974 | D:2      | Found Othazipn's Armour Emporium.
  1047 | D:2      | Found Bith's Distillery.
  1054 | D:2      | Bought a potion of curing for 39 gold pieces
  1054 | D:2      | Bought a potion of degeneration for 13 gold pieces
  1058 | D:2      | Found Kujomu's Weapon Boutique.
  1069 | D:2      | Reached XP level 4. HP: 38/38 MP: 4/4
  1088 | D:2      | Noticed a scorpion
  1093 | D:2      | Killed a scorpion
  1094 | D:2      | Reached skill level 5 in Fighting
  1094 | D:2      | Reached XP level 5. HP: 9/45 MP: 2/5
  1503 | D:3      | Found a glowing golden altar of the Shining One.
  1505 | D:3      | Noticed an ogre
  1510 | D:3      | Killed an ogre
  1511 | D:3      | Reached XP level 6. HP: 53/53 MP: 6/6
  2079 | D:4      | Gained mutation: You are dopey. (Int -2) [potion of
                  | mutation]
  2079 | D:4      | Gained mutation: You occasionally shout uncontrollably at
                  | your foes. [potion of mutation]
  2079 | D:4      | Gained mutation: You are resistant to electric shocks.
                  | (rElec) [potion of mutation]
  2107 | D:4      | Received a gift from Nemelex Xobeh
  2234 | D:4      | Reached skill level 1 in Invocations
  2326 | D:4      | Reached skill level 2 in Invocations
  2326 | D:4      | Reached XP level 7. HP: 42/60 MP: 6/8
  2467 | D:4      | Reached ** piety under Nemelex Xobeh
  2724 | D:4      | XOM: give mutations
  2724 | D:4      | Gained mutation: You are partially covered in iridescent
                  | scales. (AC +2) [Xom's mischief]
  2724 | D:4      | Gained mutation: Your spells are a little easier to cast,
                  | but a little less powerful. [Xom's mischief]
  2724 | D:4      | Lost mutation: You are dopey. (Int -2) [Xom's mischief]
  3176 | D:4      | XOM: scenery: summon butterflies
  3570 | D:5      | Entered Level 5 of the Dungeon
  3683 | D:5      | Reached skill level 3 in Invocations
  3992 | D:5      | Received a gift from Nemelex Xobeh
  4082 | D:5      | Found a staircase to the Ecumenical Temple.
  4204 | D:5      | Reached XP level 8. HP: 68/68 MP: 10/10
  4205 | D:5      | Found an opulent altar of Gozag.
  4466 | D:5      | XOM: cloud trail
  4507 | D:5      | XOM: give mutations
  4507 | D:5      | Lost mutation: You are partially covered in iridescent
                  | scales. (AC +2) [Xom's mischief]
  4507 | D:5      | Lost mutation: Your spells are a little easier to cast, but
                  | a little less powerful. [Xom's mischief]
  4616 | D:5      | Reached skill level 4 in Invocations
  4826 | D:6      | Found a hide-covered altar of Uskayaw.
  4887 | D:6      | Noticed Eustachio
  4896 | D:6      | Killed Eustachio
  4897 | D:6      | Reached skill level 1 in Spellcasting
  4941 | D:6      | Noticed Maggie
  4941 | D:6      | XOM: 2-stop teleportation journey
  4981 | D:6      | Reached *** piety under Nemelex Xobeh
  4999 | D:6      | Reached skill level 5 in Invocations
  5063 | D:6      | Killed Maggie
  5064 | D:6      | Reached XP level 9. HP: 53/76 MP: 8/13
  5344 | D:6      | Received a gift from Nemelex Xobeh
  5609 | D:7      | Reached skill level 6 in Invocations
  5800 | D:7      | Learned a level 4 spell: Manifold Assault
  5810 | D:7      | XOM: noise
  5827 | D:7      | Found Pynt's General Store.
  5831 | D:7      | Found Guteetoem's Book Boutique.
  5833 | D:7      | XOM: noise
  6042 | D:7      | Reached skill level 1 in Translocations
  6472 | D:7      | XOM: cloud trail
  6572 | D:8      | Received a gift from Nemelex Xobeh
  6685 | D:8      | XOM: 3-stop teleportation journey
  6757 | D:8      | Reached XP level 10. HP: 66/83 MP: 12/17
  6761 | D:8      | Reached skill level 5 in Spellcasting
  6869 | D:8      | Reached skill level 7 in Invocations
  6890 | D:8      | XOM: silly message
  6926 | D:8      | Reached **** piety under Nemelex Xobeh
  7136 | D:8      | Noticed a two-headed ogre
  7142 | D:8      | Killed a two-headed ogre
  7275 | D:8      | XOM: divination: magic mapping
  7540 | D:8      | XOM: silly message
  7890 | D:9      | XOM: silly message
  8128 | D:8      | XOM: silly message
  8188 | D:9      | Reached skill level 5 in Translocations
  8197 | D:9      | XOM: silly message
  8612 | D:9      | XOM: silly message
  8864 | D:9      | Reached skill level 8 in Invocations
  9028 | D:9      | Found a staircase to the Lair.
  9064 | D:9      | Received a gift from Nemelex Xobeh
  9102 | D:9      | Reached XP level 11. HP: 71/89 MP: 14/21
 10460 | D:10     | Entered Level 10 of the Dungeon
 10468 | D:10     | Found an ancient bone altar of Kikubaaqudgha.
 10503 | D:10     | Reached ***** piety under Nemelex Xobeh
 10503 | D:10     | XOM: 6-stop teleportation journey
 10592 | Lair:1   | Entered Level 1 of the Lair of Beasts
 10609 | Lair:1   | Received a gift from Nemelex Xobeh
 10692 | Lair:1   | Found a dark tunnel.
 10697 | Volcano  | XOM: noise
 10697 | Volcano  | Entered a volcano
 10970 | Volcano  | Noticed a two-headed ogre
 10972 | Volcano  | Banished a two-headed ogre
 11011 | Volcano  | Found a bloodstained altar of Trog.
 11011 | Volcano  | Noticed a two-headed ogre
 11011 | Volcano  | Noticed an ogre mage
 11011 | Volcano  | Noticed a two-headed ogre
 11016 | Volcano  | Killed a two-headed ogre
 11017 | Volcano  | Reached skill level 9 in Invocations
 11018 | Volcano  | Killed a two-headed ogre
 11024 | Volcano  | Killed an ogre mage
 11041 | Volcano  | Noticed a two-headed ogre
 11043 | Volcano  | Killed a two-headed ogre
 11072 | Volcano  | Identified the +0 hand axe of Extremism {speed, Will+}
 11130 | Volcano  | XOM: give mutations
 11130 | Volcano  | Gained mutation: You are somewhat resistant to further
                  | mutation. [Xom's mischief]
 11130 | Volcano  | Gained mutation: Your health recovers twice as slowly from
                  | being drained. [Xom's mischief]
 11210 | Volcano  | Noticed a hell knight
 11213 | Volcano  | Killed a hell knight
 11214 | Volcano  | Reached XP level 12. HP: 90/95 MP: 24/24
 11711 | Lair:1   | Was forgiven by Xom
 12269 | Lair:1   | Noticed a death yak
 12277 | Lair:1   | Killed a death yak
 12392 | Lair:1   | Received a gift from Nemelex Xobeh
 12793 | Lair:1   | Reached skill level 10 in Invocations
 13123 | Lair:2   | Received a gift from Nemelex Xobeh
 13175 | Lair:2   | Reached skill level 1 in Dodging
 13581 | Lair:2   | Found a staircase to the Swamp.
 13599 | Lair:2   | Noticed an eleionoma
 13616 | Lair:2   | Killed an eleionoma
 13788 | Lair:2   | Received a gift from Nemelex Xobeh
 13877 | Lair:2   | Noticed a skyshark
 13888 | Lair:2   | a skyshark changed into a shapeshifter
 13889 | Lair:2   | a shapeshifter changed into a shock serpent
 13889 | Lair:2   | Noticed a shock serpent (shapeshifter)
 14156 | Lair:2   | a shock serpent changed into a shapeshifter
 14768 | Lair:2   | Identified the maw talisman "Gukhlerr" {rC- Dex+8}
 14835 | Lair:2   | Reached skill level 5 in Armour
 14848 | Lair:2   | Reached skill level 5 in Dodging
 14848 | Lair:2   | Gained mutation: Your flesh is cold resistant. (rC+)
                  | [Coglin growth]
 14848 | Lair:2   | Gained mutation: Your flesh is heat resistant. (rF+)
                  | [Coglin growth]
 14848 | Lair:2   | Reached XP level 13. HP: 85/101 MP: 21/26
 15010 | Lair:2   | Found a hole to the Spider Nest.
 15447 | Lair:3   | Reached skill level 1 in Evocations
 15713 | Lair:3   | Received a gift from Nemelex Xobeh
 15968 | Lair:3   | HP: 2/101 [poisoned by a wolf spider]
 15969 | Lair:3   | Succumbed to a wolf spider's poison

Illustrated notes

Levels and vault maps discovered:
D:1:      erik_arrival_blinker_ship, layout_loops_ring, minmay_misc_feat_plants,
          kennysheep_boxes
D:2:      layout_rooms, serial_shops, nicolae_shop_crystal, shop,
          nicolae_shop_advertising_works [nicolae_subvault_shop_adworks], shop,
          shop, basic_ecumenical_altar
D:3:      layout_basic, mainiacjoe_overflow_chevrons
D:4:      layout_layer_cave, serial_demonic, serial_demonic_d, serial_demonic_f,
          serial_demonic_a, serial_demonic_a
D:5:      layout_cave_pods, mainiacjoe_overflow_24_doors, temple_doors_cd,
          corner_web_ring, minmay_fractal_squares_gapless_5
D:6:      layout_gridville, nicolae_uskayaw_suspiria, nicolae_letterblocks
          [nicolae_letter_subblock, nicolae_letter_subblock,
          nicolae_letter_subblock, nicolae_letter_subblock,
          nicolae_letter_subblock, nicolae_letter_subblock,
          nicolae_letter_subblock, nicolae_letter_subblock,
          nicolae_letter_subblock, nicolae_letter_subblock,
          nicolae_letter_subblock, nicolae_letter_subblock,
          nicolae_letter_subblock, nicolae_letter_subblock,
          nicolae_letter_subblock, nicolae_letter_subblock,
          nicolae_letter_subblock, nicolae_letter_subblock,
          nicolae_letter_subblock, nicolae_letter_subblock,
          nicolae_letter_subblock, nicolae_letter_subblock,
          nicolae_letter_subblock, nicolae_letter_subblock,
          nicolae_letter_subblock], uniq_eustachio, uniq_maggie
D:7:      layout_loops_ring, chequers_serial_rivers_small_b, st_stairs_10,
          minivault_11, nicolae_wooded_promenade, grunt_ministairs_11,
          minivault_10
D:8:      layout_basic
D:9:      layout_irregular_city, minmay_lair_entry_grove, grunt_livestock
D:10:     layout_irregular_city, nicolae_overflow_crystal_walls,
          kennysheep_mini, mainiacjoe_overflow_alcove_1,
          nicolae_ru_great_annihilating_truth, minmay_misc_feat_rows,
          nicolae_water_bricks, kennysheep_generic_room_9
Lair:1:   layout_regular_city, enter_volcano_1, cheibrodos_lair_caveside_slide,
          minivault_19
Lair:2:   layout_layer_cave, alex1729_swamp_entry_worm_eleionoma,
          nicolae_spider_entry_tight_spaces, special_room [special_room_bee],
          chequers_serial_rivers_micro_b, minivault_26, hellmonk_talismancer,
          infiniplex_staircase_pool_2
Lair:3:   layout_roguey, nicolae_lair_run_with_the_wolves, grunt_megastairs_3

Skill      XL: |  1  2  3  4  5  6  7  8  9 10 11 12 13 |
---------------+----------------------------------------+-----
Fighting       | 4 5 6 7 8 9 |  9.4
Invocations    | 2 3 5 6 8 9 10 | 10.0
Spellcasting   | 2 4 6 8 9 |  9.0
Translocations | 2 5 8 9 |  9.0
Dodging        | 5 |  5.0
Armour         | 5 |  5.3
Evocations     | 3 |  3.4
Unarmed Combat | |  2.6

Action                     |  1- 3 |  4- 6 |  7- 9 | 10-12 | 13-15 || total
---------------------------+-------+-------+-------+-------+-------++-------
  Melee: Short sword       |   103 |    81 |   235 |   548 |    70 ||  1037
         Dagger            |    48 |    71 |   219 |   527 |    69 ||   934
   Cast: Manifold Assault  |       |       |       |    88 |    15 ||   103
 Invoke: Draw Summoning    |       |     1 |     2 |     9 |       ||    12
         Draw Destruction  |       |     1 |       |    23 |       ||    24
         Draw Escape       |       |       |       |     4 |       ||     4
         Deal Four         |       |       |       |     1 |       ||     1
  Evoke: Wand              |       |     2 |    10 |    16 |       ||    28
    Use: Scroll            |     1 |     4 |     9 |    18 |     1 ||    33
         Potion            |       |     2 |     5 |     7 |     1 ||    15
   Stab: Invisible         |       |       |     4 |       |       ||     4
         Paralysed         |       |       |       |     6 |       ||     6
 Armour: Leather armour    |    53 |    57 |   230 |   406 |    42 ||   788
  Dodge: Dodged            |    58 |    42 |   143 |   303 |    37 ||   583

Table legend: (Time is in decaauts)
 A = Elapsed time spent in this place.
 B = Non-inter-level travel time spent in this place.
 C = Inter-level travel time spent in this place.
 D = Time resting spent in this place.
 E = Time spent auto-exploring this place.
 F = Levels seen in this place.
 G = Mean time per level.
                   A        B        C        D        E       F      G
               +--------+--------+--------+--------+--------+-----+--------+
         Total |  15989 |  15638 |    351 |   5053 |   8030 |  14 | 1142.1 |
       Dungeon |  10622 |  10289 |    333 |   2509 |   6226 |  10 | 1062.2 |
          Lair |   4763 |   4745 |     18 |   2246 |   1804 |   3 | 1587.7 |
       Volcano |    603 |    603 |      0 |    298 |      0 |   1 |  603.0 |
               +--------+--------+--------+--------+--------+-----+--------+

Top non-repeatable levels by time:
  Lair:1: 2114 daAuts
  Lair:2: 2104 daAuts
     D:9: 2094 daAuts
     D:8: 1838 daAuts
     D:4: 1503 daAuts
     D:5: 1260 daAuts
     D:7: 1065 daAuts
     D:1: 764 daAuts
     D:2: 686 daAuts
     D:6: 686 daAuts
     D:3: 621 daAuts
 Volcano: 603 daAuts
  Lair:3: 545 daAuts
    D:10: 101 daAuts
